 Dungeon Crawl Stone Soup version 0.22-b1-26-g9dbaab1 (webtiles) character file.

876 dvd the Cudgeler (level 7, 0/68 HPs)
             Began as a Troll Berserker on Aug 6, 2018.
             Was an Elder of Trog.
             Slain by a water moccasin (7 damage)
             ... on level 5 of the Dungeon.
             The game lasted 00:10:25 (4208 turns).

dvd the Cudgeler (Troll Berserker)                  Turns: 4208, Time: 00:10:26

Health: 0/68       AC:  5    Str: 29    XL:     7   Next: 74%
Magic:  6/6        EV:  7    Int:  3    God:    Trog [****..]
Gold:   320        SH:  7    Dex:  6    Spells: 6/6 levels left

rFire    . . .     SeeInvis .   J - +7 mace of the Thirsty Wars {crush, +Rage rElec rC+ Dex-5}
rCold    + . .     Gourm    +   G - +0 shield
rNeg     . . .     Faith    .   b - +0 animal skin
rPois    .         Spirit   .   (helmet restricted)
rElec    +         Reflect  .   (no cloak)
rCorr    +         Harm     .   (gloves unavailable)
MR       ++...                  (boots unavailable)
Stlth    +.........             (no amulet)
HPRegen  1.61/turn              k - ring of resist corrosion
MPRegen  0.10/turn              C - +3 ring of strength

@: lethally poisoned (0 -> 0), regenerating
A: large, unfitting armour, claws 3, fast metabolism 3, gourmand, regeneration
1, shaggy fur 1, tough skin 2
a: Berserk, Trog's Hand, Brothers in Arms, Renounce Religion, Evoke Berserk Rage


You were on level 5 of the Dungeon.
You worshipped Trog.
Trog was greatly pleased with you.
You were full.

You visited 1 branch of the dungeon, and saw 6 of its levels.

You collected 320 gold pieces.

Inventory:

Hand Weapons
 a - a +0 mace
 q - a +0 hand axe
 t - a +0 flail
 x - a +2 whip of electrocution
 H - a +3 quarterstaff of chaos
 J - the +7 mace of the Thirsty Wars (weapon) {crush, +Rage rElec rC+ Dex-5}
   (You found it on level 6 of the Dungeon)

   It inflicts extra damage upon your enemies.
   It affects your dexterity (-5).
   It protects you from cold.
   It insulates you from electricity.
   It lets you go berserk.
Armour
 b - a +0 animal skin (worn)
 G - a +0 shield (worn)
 I - a +0 cloak
Jewellery
 k - a ring of resist corrosion (left claw)
 C - a +3 ring of strength (right claw)
Wands
 r - a wand of iceblast (9)
 u - a wand of enslavement (18)
Scrolls
 d - 2 scrolls of remove curse
 h - a scroll of enchant weapon {unknown}
 i - 8 scrolls of identify {unknown}
 m - 4 scrolls of teleportation {unknown}
 n - a scroll of enchant armour {unknown}
 o - 2 scrolls of magic mapping {unknown}
 s - a scroll of amnesia {unknown}
 v - a scroll of fear {unknown}
 y - a scroll of fog {unknown}
 z - a scroll of summoning {unknown}
 B - a scroll of immolation {unknown}
 D - a scroll of acquirement {unknown}
 E - a scroll of random uselessness {unknown}
Potions
 e - a potion of brilliance {unknown}
 f - a potion of cancellation {unknown}
 g - 2 potions of invisibility {unknown}
 j - a potion of agility {unknown}
 l - 4 potions of lignification {unknown}
 p - 2 potions of haste {unknown}
 w - a potion of magic {unknown}
 A - a potion of ambrosia {unknown}
 F - a potion of flight {unknown}
Comestibles
 c - 5 rations


   Skills:
 + Level 3.9 Fighting
 + Level 6.4 Maces & Flails
 + Level 0.7 Throwing
 + Level 4.3 Dodging
 + Level 0.3 Stealth
 + Level 0.3 Shields


You had 6 spell levels left.
You didn't know any spells.
Your spell library was empty.

Dungeon Overview and Level Annotations

Branches:
Dungeon (6/15)
 Temple: D:4-7

Altars:
Dithmenos
Gozag
Hepliaklqana
Makhleb
Nemelex Xobeh
Qazlal
Sif Muna
Uskayaw
Xom

Shops:
D:4 *


Innate Abilities, Weirdness & Mutations

You are too large for most types of armour.
You have claws for hands.
Your metabolism is lightning-fast.
You like to eat raw meat.
Your natural rate of healing is unusually fast.
You are covered in fur. (AC +1)
You have very tough skin. (AC +2)


Message History

You feel sick. You block the water moccasin's attack.
You feel sick.
You feel sick. You block the water moccasin's attack.
You feel sick.
You feel sick. The water moccasin bites you!
* * * LOW HITPOINT WARNING * * *
You feel sick.
You feel sick. You block the water moccasin's attack.
There is a stone staircase leading up here.
You feel sick.
The water moccasin bites you but does no damage.
The water moccasin bites you!
* * * LOW HITPOINT WARNING * * *
You climb upwards.
You feel sick.
There is a stone staircase leading down here.
Your skin crawls.
You feel resistant to hostile enchantments.
You feel quite a bit less full.
You feel sick. The water moccasin bites you!
You die...

#.# #..........# #.#.# #.#
#..........# #.#.# #.#
###.#####.## #.#.# #.#######
#.#####.#######.#.# #.......#
#...............#.#
#######.###.###.............#
#.##...####..####.###.#
#.#.#.#S###..# #.# #.#
#..##.@#.##..# #.# #.#
#.#.##..####.# #.###.# ######
#.##.#.## #.# #...#.#
.....######.###..#####.#
###.#.#
.......................#
#.#.#
............####.####..#
###.#.# .....######## #.#
#..# #.....# .....# #.#
#..####.###.# ##.### #.#
#.......# #.#


You could see a water moccasin.

Vanquished Creatures
  A sky beast (D:6)
  A centaur (D:5)
  A bullfrog (D:6)
  A scorpion (D:4)
  A hound (D:5)
  2 jellies (D:5)
  An orc priest (D:5)
  Crazy Yiuf (D:6)
  Ijyb (D:2)
  2 worker ants
  4 orc wizards
  A gnoll (D:1)
  A howler monkey skeleton (D:4)
  9 adders
  A shadow imp (D:5)
  2 oozes
  An adder skeleton (D:6)
  2 worms
  3 dart slugs (D:1)
  7 leopard geckos
  15 orcs
  6 giant cockroaches
  15 goblins
  5 hobgoblins
  6 jackals
  5 quokkas
  3 ball pythons
  9 bats
  4 frilled lizards
  9 kobolds
  10 rats
130 creatures vanquished.

Notes
Turn   | Place    | Note
-------+----------+-------------------------------------------
     0 | D:1      | dvd the Troll Berserker began the quest for the Orb.
     0 | D:1      | Reached XP level 1. HP: 22/22 MP: 0/0
   166 | D:1      | Reached XP level 2. HP: 24/29 MP: 1/1
   271 | D:1      | Reached skill level 3 in Maces & Flails
   477 | D:1      | Reached XP level 3. HP: 36/36 MP: 2/2
   484 | D:1      | Reached ** piety under Trog
  1015 | D:2      | Found a hazy altar of Hepliaklqana.
  1033 | D:2      | Found a shimmering altar of Xom.
  1033 | D:2      | Noticed a hungry ghost
  1063 | D:2      | Noticed a spectral ugly thing
  1063 | D:2      | Noticed a hungry ghost
  1118 | D:2      | Reached XP level 4. HP: 44/44 MP: 3/3
  1441 | D:2      | Noticed Ijyb
  1460 | D:2      | Killed Ijyb
  1460 | D:2      | Reached skill level 4 in Maces & Flails
  1460 | D:2      | Reached XP level 5. HP: 37/53 MP: 4/4
  1596 | D:2      | Reached *** piety under Trog
  2582 | D:4      | Found a stormy altar of Qazlal.
  2582 | D:4      | Found a deep blue altar of Sif Muna.
  2582 | D:4      | Found a shadowy altar of Dithmenos.
  2582 | D:4      | Found a hide-covered altar of Uskayaw.
  2782 | D:4      | Reached XP level 6. HP: 61/61 MP: 5/5
  2908 | D:4      | Found an opulent altar of Gozag.
  2918 | D:4      | Reached skill level 5 in Maces & Flails
  2919 | D:4      | Found Gozag's Platinum Reserve.
  3149 | D:5      | Entered Level 5 of the Dungeon
  3200 | D:5      | Found a sparkling altar of Nemelex Xobeh.
  3222 | D:5      | Reached **** piety under Trog
  3474 | D:5      | Reached XP level 7. HP: 57/67 MP: 6/6
  3632 | D:5      | Found a burning altar of Makhleb.
  3925 | D:6      | Found a runed door.
  3929 | D:6      | Noticed Crazy Yiuf
  3936 | D:6      | Killed Crazy Yiuf
  3936 | D:6      | Reached skill level 6 in Maces & Flails
  3941 | D:6      | Got a scorched mace
  3942 | D:6      | Identified the +7 mace of the Thirsty Wars {crush, +Rage rElec rC+ Dex-5} (You found it on level 6 of the Dungeon)
  4208 | D:5      | Slain by a water moccasin

Skill      XL: |  1  2  3  4  5  6  7 |
---------------+----------------------+-----
Maces & Flails | 3 4 5 6 |  6.4
Dodging        | 3 4 |  4.3
Fighting       | 3 |  3.9
Throwing       | |  0.7
Stealth        | |  0.3
Shields        | |  0.3

Action                   |  1- 3 |  4- 6 |  7- 9 || total
-------------------------+-------+-------+-------++-------
Melee: Mace              |   123 |   223 |    32 ||   378
       Whip              |       |    44 |    34 ||    78
Throw: Throwing net      |       |     3 |       ||     3
Invok: Berserk           |       |     2 |       ||     2
       Trog's Hand       |       |       |     1 ||     1
  Use: Scroll            |       |     1 |       ||     1
 Stab: Sleeping          |       |     1 |       ||     1
  Eat: Chunk             |    16 |    24 |     4 ||    44
Armor: Animal skin       |    55 |   107 |    13 ||   175
Dodge: Dodged            |    84 |   168 |    14 ||   266
Block: Shield            |       |       |    17 ||    17
